 Dungeon Sprint DCSS version 0.31-a0-217-g58bb5d79cf (webtiles) character file.

Game seed: 6794357863244203928

102 mhtbhm the Covered (level 4, -5/67 HPs)
             Began as a Minotaur Fighter on July 3, 2023.
             Slain by a water elemental (12 damage)
             ... in the Dungeon (Sprint III: "The Ten Rune Challenge").
             The game lasted 00:01:48 (339 turns).

mhtbhm the Covered (Minotaur Fighter)                Turns: 339, Time: 00:01:48

Health: -5/67      AC:  7    Str: 29 (30) XL:     4   Next: 50%
Magic:  3/3        EV: 10    Int:  1 (3)  God:
Gold:   28         SH:  5    Dex:  7 (8)  Spells: 3/3 levels left

rFire   . . .        a - +0 long sword
rCold   . . .        c - +0 buckler
rNeg    . . .        b - +0 scale mail
rPois   .            (helmet restricted)
rElec   .            (no cloak)
rCorr   .            (no gloves)
SInv    .            (no boots)
Will    .....        (no amulet) Stlth
                     (no ring)
HPRegen 0.31/turn    (no ring)
MPRegen 0.08/turn

%: no teleportation
@: berserking, very quick
A: horns 2, retaliatory headbutt, deterioration 1, strong 2, wild magic 1
a: no special abilities


You were in the Dungeon.
You visited 1 branch You collected 28 gold pieces.

Inventory:

Hand Weapons
 a - a +0 long sword (weapon)
Armour
 b - a +0 scale mail (worn)
 c - a +0 buckler (worn)
Wands
 k - a wand of digging (3)
Scrolls
 j - a scroll of blinking
 l - a scroll of poison
 m - 2 scrolls of identify
 o - a scroll of immolation {unknown}
Potions
 d - a potion of might
 e - 2 potions of curing
 g - a potion of haste
 h - 2 potions of magic
 n - 3 potions of enlightenment
 p - 2 potions of degeneration {unknown}


   Skills:
 + Level 6.8 Fighting
 + Level 4.4 Long Blades
 + Level 7.1 Armour
 + Level 6.6 Shields


You had 3 spell levels left.
You didn't know any spells.
Your spell library contained the following spells:

 Spells                   Type           Power      Damage    Failure   Level
 Necrotise                Necr           0%         1d4       89%         1
 Vampiric Draining        Necr           0%         2d6       99%         3
 Agony                    Necr           0%         N/A       100%        5


Dungeon Overview and Level Annotations

Branches:
Dungeon (1/1)

Altars:


Innate Abilities, Weirdness & Mutations

You have a pair of horns on your head.
You reflexively headbutt those who attack you in melee.
Your body sometimes deteriorates upon taking damage.
Your muscles are very strong. (Str +8, Int/Dex -2)
Your spells are a little harder to cast, but a little more powerful.


Message History

You hit the water elemental.
The water elemental is severely damaged.
Your body deteriorates!
You feel weakened.
Your lungs strain for air!
The water elemental closely misses you.
Unknown command.
The water elemental attacks as you move away!
The water elemental closely misses you.
You slip free of the water engulfing you.
You gasp with relief as air once again reaches your lungs.
You hit the water elemental but do no damage.
The water elemental is severely damaged.
The water elemental hits you.
You closely miss the water elemental.
The water elemental is severely damaged.
The water elemental hits you.
The water elemental engulfs you in water!
The water elemental attacks as you move away!
You block the water elemental's attack.
You slip free of the water engulfing you.
You gasp with relief as air once again reaches your lungs.
You hit the water elemental.
You headbutt the water elemental, but do no damage.
The water elemental is almost destroyed.
The water elemental hits you!
The water elemental engulfs you in water!
The water elemental attacks as you move away!
The water elemental hits you!
* * * LOW HITPOINT WARNING * * *
Your body deteriorates!
You feel clumsy.
You slip free of the water engulfing you.
You gasp with relief as air once again reaches your lungs.
Unknown command.
Okay, then.
A red film seems to cover your vision as you go berserk!
You feel yourself moving faster!
You feel mighty! The water elemental hits you!
* * * LOW HITPOINT WARNING * * *
You closely miss the water elemental.
The water elemental is almost destroyed.
The water elemental hits you!
You die...

▓▓▓▓▓▓▓▓▓▓▓▓▓ ▓▓▓
▓<.#..'.....♣ ♣.#
▓..#..#.....♣ ♣.#
▓#'####....♣♣ ♣♣.#
▓..........~♣♣♣♣..# #+#+#
▓.....#...~~♣♣....#......
▓.....#..~~~~.♣♣..'.⌠....
▓##.#'#..~≈≈~~~E♣.#...###
▓..).†#.~~≈~~~@...# ⌠.#
▓.....#.~≈~~~.....# .#
▓.....#.~~~.......# #
▓'#####...........#
▓.................#
▓▓▓▓▓▓▓▓▓▓▓▓▓▓▓▓▓▓▓


You could see a water elemental.

Vanquished Creatures
  A scorpion (D)
  Jessica (D)
  A human (D)
  2 endoplasms (D)
  A rat (D)
6 creatures vanquished.

Notes
Turn   | Place    | Note
-------+----------+-------------------------------------------
     0 | D        | mhtbhm the Minotaur Fighter began the quest for the Orb.
     0 | D        | Reached XP level 1. HP: 19/19 MP: 0/0
     6 | D        | Reached skill level 4 in Armour
    24 | D        | Noticed Jessica
    29 | D        | Killed Jessica
    30 | D        | Reached skill level 5 in Fighting
    30 | D        | Reached skill level 5 in Armour
    30 | D        | Reached skill level 5 in Shields
    30 | D        | Reached XP level 2. HP: 29/29 MP: 1/1
    30 | D        | Reached XP level 3. HP: 36/36 MP: 2/2
    42 | D        | Noticed a scorpion
   156 | D        | Killed a scorpion
   157 | D        | Reached skill level 6 in Armour
   157 | D        | Reached XP level 4. HP: 33/45 MP: 3/3
   238 | D        | Reached skill level 7 in Armour
   298 | D        | Gained mutation: You are robust. (+10% HP) [potion of
                  | mutation]
   298 | D        | Gained mutation: Your body sometimes deteriorates upon
                  | taking damage. [potion of mutation]
   298 | D        | Gained mutation: You have a pair of large horns on your
                  | head. [potion of mutation]
   298 | D        | Gained mutation: You have hidden genetic potential. [potion
                  | of mutation]
   299 | D        | Lost mutation: You have a pair of large horns on your head.
                  | [potion of mutation]
   299 | D        | Lost mutation: You have hidden genetic potential. [potion
                  | of mutation]
   299 | D        | Gained mutation: Your muscles are strong. (Str +4, Int/Dex
                  | -1) [potion of mutation]
   299 | D        | Gained mutation: Your skin changes colour to match your
                  | surroundings (Stealth+). [potion of mutation]
   299 | D        | Gained mutation: You have sharp fingernails. [potion of
                  | mutation]
   300 | D        | Lost mutation: You have sharp fingernails. [potion of
                  | mutation]
   300 | D        | Lost mutation: Your skin changes colour to match your
                  | surroundings (Stealth+). [potion of mutation]
   300 | D        | Gained mutation: You have a pair of large horns on your
                  | head. [potion of mutation]
   300 | D        | Gained mutation: Your system is resistant to poisons.
                  | (rPois) [potion of mutation]
   301 | D        | Lost mutation: Your system is resistant to poisons. (rPois)
                  | [potion of mutation]
   301 | D        | Lost mutation: You have a pair of large horns on your head.
                  | [potion of mutation]
   301 | D        | Lost mutation: You are robust. (+10% HP) [potion of
                  | mutation]
   301 | D        | Gained mutation: Your muscles are very strong. (Str +8,
                  | Int/Dex -2) [potion of mutation]
   301 | D        | Gained mutation: Your spells are a little harder to cast,
                  | but a little more powerful. [potion of mutation]
   321 | D        | Noticed a water elemental
   339 | D        | Slain by a water elemental

Illustrated notes

Levels and vault maps discovered:
D:        dungeon_sprint_mu [sprint_mu_entry_forest, sprint_mu_temple_rooms,
          sprint_mu_d1_horrors, sprint_mu_d2_genie, sprint_mu_d3_branching,
          sprint_mu_orc_legion, sprint_mu_elf_gauntlet, sprint_mu_hive_nellie,
          sprint_mu_lair_fedhas, sprint_mu_vaults_butterflies,
          sprint_mu_slime_circle, sprint_mu_shoals_kraken,
          sprint_mu_snake_twists, sprint_mu_blade_basic, sprint_mu_crypt_lich,
          sprint_mu_tomb_spiral, sprint_mu_vestibule_basic,
          sprint_mu_gehenna_hellfire, sprint_mu_dis_giant,
          sprint_mu_tartarus_statrot, sprint_mu_cocytus_islands, sprint_mu_zot1]

Skill      XL: |  1  2  3  4 |
---------------+-------------+-----
Fighting       | 5 6 |  6.8
Armour         | 5 6 7 |  7.1
Shields        | 5 6 |  6.6
Long Blades    | 3 4 |  4.4

Action                     |  1- 3 |  4- 6 || total
---------------------------+-------+-------++-------
  Melee: Long sword        |    11 |    19 ||    30
         Headbutt          |     2 |     3 ||     5
    Use: Potion            |       |     6 ||     6
         Scroll            |       |     1 ||     1
 Armour: Scale mail        |     5 |     2 ||     7
  Dodge: Dodged            |     3 |    11 ||    14
  Block: Buckler           |     2 |     2 ||     4

Table legend: (Time is in decaauts)
 A = Elapsed time spent in this place.
 B = Non-inter-level travel time spent in this place.
 C = Inter-level travel time spent in this place.
 D = Time resting spent in this place.
 E = Time spent auto-exploring this place.
 F = Levels seen in this place.
 G = Mean time per level.
                   A        B        C        D        E       F      G
               +--------+--------+--------+--------+--------+-----+--------+
         Total |    348 |    348 |      0 |    192 |     28 |   1 |  348.0 |
       Dungeon |    348 |    348 |      0 |    192 |     28 |   1 |  348.0 |
               +--------+--------+--------+--------+--------+-----+--------+

Top non-repeatable levels by time:
       D: 348 daAuts
